 Dungeon Crawl Stone Soup version 0.31-a0-667-g39726597b9 (webtiles) character file.

Game seed: 14770727568327403086

956 MrSquiggles the Spear-Bearer (level 7, -5/57 HPs)
             Began as a Minotaur Fighter on Sept 3, 2023.
             Slain by a gnoll sergeant
             ... wielding a +2 spear of electrocution
              (8 damage)
             ... on level 5 of the Dungeon.
             The game lasted 00:05:19 (4718 turns).

MrSquiggles the Spear-Bearer (Minotaur Fighter)     Turns: 4718, Time: 00:05:20

Health: -5/57      AC: 10    Str: 23    XL:     7   Next: 91%
Magic:  6/6        EV:  8    Int:  5    God:
Gold:   253        SH:  4    Dex:  9    Spells: 6/6 levels left

rFire   . . .        a - +0 trident
rCold   . . .        c - +0 buckler
rNeg    . . .        d - +0 chain mail
rPois   .            (helmet restricted)
rElec   .            (no cloak)
rCorr   .            (no gloves)
SInv    .            k - +0 pair of boots
Will    .....        (no amulet) Stlth
                     (no ring)
HPRegen 0.29/turn    (no ring)
MPRegen 0.10/turn

%: no passive effects
@: lethally poisoned (-5 -> -8), on berserk cooldown, slowed, very slow
A: horns 2, retaliatory headbutt
a: no special abilities


You were on level 5 of the Dungeon.
You visited 1 branch of the dungeon, and saw 5 of its levels.

You collected 253 gold pieces.

Inventory:

Hand Weapons
 a - a +0 trident (weapon)
 r - a +0 hand axe
Missiles
 l - a throwing net
 o - 12 poisoned darts (quivered)
Armour
 b - a +0 scale mail
 c - a +0 buckler (worn)
 d - a +0 chain mail (worn)
 f - a +0 ring mail of fire resistance
 k - a +0 pair of boots (worn)
Jewellery
 e - an amulet of faith
 u - an amulet of magic regeneration
Scrolls
 g - a scroll of teleportation
 h - 2 scrolls of identify
 n - 2 scrolls of fog {unknown}
 p - a scroll of enchant armour {unknown}
 s - a scroll of brand weapon {unknown}
 v - 3 scrolls of enchant weapon {unknown}
 w - a scroll of acquirement {unknown}
 x - a scroll of blinking {unknown}
 y - a scroll of immolation {unknown}
 z - a scroll of amnesia {unknown}
 A - a scroll of revelation {unknown}
Potions
 i - a potion of invisibility {unknown}
 j - a potion of degeneration {unknown}
 m - a potion of magic
 q - a potion of berserk rage
 t - a potion of haste {unknown}
 B - a potion of attraction {unknown}


   Skills:
 - Level 3.6 Fighting
 + Level 11.1 Polearms
 - Level 3.6 Armour
 - Level 3.6 Shields


You had 6 spell levels left.
You didn't know any spells.
Your spell library contained the following spells:

 Spells                   Type           Power      Damage    Failure   Level
 Apportation              Tloc           0%         N/A       98%         1
 Necrotise                Necr           0%         1d4       98%         1
 Summon Small Mammal      Summ           0%         N/A       98%         1
 Poisonous Vapours        Pois/Air       0%         N/A       99%         2
 Mephitic Cloud           Conj/Pois/Air  0%         N/A       100%        3
 Passage of Golubria      Tloc           0%         N/A       100%        4
 Freezing Cloud           Conj/Ice/Air   0%         6-21      100%        5
 Silence                  Hex/Air        0%         N/A       100%        5
 Lehudib's Crystal Spear  Conj/Erth      0%         10d2      100%        8


Dungeon Overview and Level Annotations

Branches:
Dungeon (5/15)
 Temple: D:4-7

Altars:
Zin

Annotations:
D:5 1 transporter


Innate Abilities, Weirdness & Mutations

You have a pair of horns on your head.
You reflexively headbutt those who attack you in melee.


Message History

Bravepunisher's ghost closely misses you.
The gnoll sergeant hits you from afar with a +2 trident of electrocution.
You barely miss Bravepunisher's ghost.
Bravepunisher's ghost is heavily damaged.
Unknown command.
You completely miss Bravepunisher's ghost.
Your headbutt misses Bravepunisher's ghost.
Bravepunisher's ghost is heavily damaged.
The gnoll sergeant hits you from afar with a +2 spear of electrocution!
The gnoll sergeant hits you from afar with a +2 trident of electrocution!
You are electrocuted!
Bravepunisher's ghost hits you.
You miss Bravepunisher's ghost.
Bravepunisher's ghost is heavily damaged.
Unknown command.
You puncture Bravepunisher's ghost!
You destroy Bravepunisher's ghost!
You are no longer berserk.
You are exhausted.
You feel yourself slow down.
The gnoll sergeant hits you from afar with a +2 spear of electrocution!
The gnoll sergeant barely misses you.
The gnoll sergeant hits you from afar with a +2 trident of electrocution!
* * * LOW HITPOINT WARNING * * *
Your Polearms skill increases to level 11!
The gnoll shouts! x2
You block the gnoll sergeant's attack. You block the gnoll's attack.
The gnoll sergeant hits you with a +1 spear of venom.
* * * LOW HITPOINT WARNING * * *
You are poisoned.
The gnoll sergeant hits you with a +2 trident of electrocution.
* * * LOW HITPOINT WARNING * * *
There is an open translucent door, spattered with blood here.
You see here a +0 flail.
As you read the scroll labelled DOALUP JOCRO, it crumbles to dust.
It is a scroll of identify.
g - a scroll of teleportation
* * * LOW HITPOINT WARNING * * *
You feel sick.
The gnoll sergeant hits you with a +2 spear of electrocution!
You die...

##..≈≈#####......)....#####≈≈.#
....≈≈#g8.#.###.©.###.#.8.#≈≈.#
....≈≈#g..###.#####.###...#≈≈.#
....≈≈###.. .. .........###≈≈.#
..>.≈≈.8#.######'###'##.#8.≈≈.#
##..≈≈.##.#...#8..#...#.##.≈≈.#
##.~~.#..'..:#⌠©.....'..#.~~.#
#.≈≈.##.#..)#8..#...#.##.≈≈.#
#.≈≈.8#.######@###'##.#8.≈≈.#
##.≈≈###....ggggg......###≈≈.#
#..≈≈#...###.#####©###..g#≈≈.##
##..≈≈#.8.#.###.©.###.#.8g#≈≈..#
....≈≈#####...........#####≈≈..#
##..≈≈≈≈≈≈≈≈≈≈≈...≈≈≈≈≈≈≈≈≈≈≈..#
#..≈≈≈≈≈≈≈≈≈≈≈...≈≈≈≈≈≈≈≈≈≈≈..#
#.............................#
#.###############.....#.#####.#


You could see 3 gnoll sergeants and 2 gnolls.

Vanquished Creatures
  Edmund (D:4)
  A black bear (D:4)
  A phantom (D:5)
  The ghost of Bravepunisher the Ducker, an amateur SpMo (D:5)
  A howler monkey (D:3)
  4 hounds
  2 jellies (D:5)
  2 iguanas (D:5)
  A sleepcap (D:5)
  An orc wizard (D:5)
  13 gnolls
  7 adders
  A shadow imp (D:5)
  An ufetubus (D:5)
  2 worms (D:2)
  2 dart slugs
  8 orcs
  7 bats
  10 endoplasms
  3 giant cockroaches
  6 goblins
  6 hobgoblins
  6 quokkas
  4 ball pythons
  7 kobolds
  6 rats
104 creatures vanquished.

Notes
Turn   | Place    | Note
-------+----------+-------------------------------------------
     0 | D:1      | MrSquiggles the Minotaur Fighter began the quest for the
                  | Orb.
     0 | D:1      | Reached XP level 1. HP: 19/19 MP: 0/0
    70 | D:1      | Reached skill level 3 in Polearms
    85 | D:1      | Reached XP level 2. HP: 26/26 MP: 1/1
   340 | D:1      | Reached skill level 4 in Polearms
   623 | D:1      | Reached XP level 3. HP: 31/31 MP: 2/2
  1130 | D:2      | Reached skill level 5 in Polearms
  1409 | D:2      | Reached XP level 4. HP: 39/39 MP: 3/3
  2033 | D:3      | Reached skill level 6 in Polearms
  2210 | D:4      | Reached XP level 5. HP: 41/45 MP: 4/4
  2497 | D:4      | Found a glowing silver altar of Zin.
  2549 | D:4      | Noticed Edmund
  2556 | D:4      | Reached skill level 7 in Polearms
  2574 | D:4      | Killed Edmund
  2575 | D:4      | Reached skill level 8 in Polearms
  2575 | D:4      | Reached XP level 6. HP: 32/51 MP: 5/5
  3260 | D:5      | Entered Level 5 of the Dungeon
  3311 | D:4      | Reached skill level 9 in Polearms
  3632 | D:5      | Reached XP level 7. HP: 53/57 MP: 6/6
  3913 | D:5      | Reached skill level 10 in Polearms
  4312 | D:5      | Identified the amulet of Uluta {Acrobat rN+ Regen+ Int+3}
  4313 | D:5      | Found a transporter.
  4314 | D:5      | Found a transporter.
  4326 | D:5      | Noticed Bravepunisher's ghost (amateur SpMo)
  4716 | D:5      | Killed Bravepunisher's ghost
  4717 | D:5      | Reached skill level 11 in Polearms
  4718 | D:5      | Slain by a gnoll sergeant

Illustrated notes

Levels and vault maps discovered:
D:1:      dpeg_arrival_rhombi, layout_basic
D:2:      layout_basic
D:3:      layout_loops_cross
D:4:      layout_gridville, zin_treasury, grunt_ministairs_11,
          minmay_surrounded, uniq_edmund
D:5:      layout_loops_ring, gammafunk_ghost_gnarly_gnolls

Skill      XL: |  1  2  3  4  5  6  7 |
---------------+----------------------+-----
Polearms       | 3 4 5 6 8 9 11 | 11.1
Fighting       | |  3.6
Armour         | |  3.6
Shields        | |  3.6

Action                     |  1- 3 |  4- 6 |  7- 9 || total
---------------------------+-------+-------+-------++-------
  Melee: Trident           |    98 |   115 |   113 ||   326
         Headbutt          |    16 |    11 |    17 ||    44
  Throw: Dart              |       |     4 |       ||     4
    Use: Potion            |       |     1 |     4 ||     5
         Scroll            |       |       |     1 ||     1
 Armour: Scale mail        |    51 |    57 |       ||   108
         Chain mail        |       |    17 |    71 ||    88
  Dodge: Dodged            |    32 |    43 |    23 ||    98
  Block: Buckler           |    15 |    20 |    23 ||    58

Table legend: (Time is in decaauts)
 A = Elapsed time spent in this place.
 B = Non-inter-level travel time spent in this place.
 C = Inter-level travel time spent in this place.
 D = Time resting spent in this place.
 E = Time spent auto-exploring this place.
 F = Levels seen in this place.
 G = Mean time per level.
                   A        B        C        D        E       F      G
               +--------+--------+--------+--------+--------+-----+--------+
         Total |   4705 |   4416 |    289 |    375 |   3170 |   5 |  941.0 |
       Dungeon |   4705 |   4416 |    289 |    375 |   3170 |   5 |  941.0 |
               +--------+--------+--------+--------+--------+-----+--------+

Top non-repeatable levels by time:
     D:4: 1259 daAuts
     D:5: 1249 daAuts
     D:1: 767 daAuts
     D:3: 720 daAuts
     D:2: 707 daAuts
